TOP OF THE 1ST |
Arizona State Sun Devils batting - Pitching for Arkansas Razorbacks : RHP Edwin Manning
|
Pitching: RHP Edwin Manning
|
|
Batting: LHB Derrick Simpson
|
0-0: Ball 1-0: Ball 2-0: Called Strike 2-1: Ground out 6-3 (Groundball, 6)
|
Batting: RHB Lance Rodríguez
|
0-0: Ball 1-0: Called Strike 1-1: Called Strike 1-2: Foul Ball, location: 2F 1-2: Strikes out swinging
|
Batting: RHB Larry Booth
|
0-0: Called Strike 0-1: Ball 1-1: Ball 2-1: Foul Ball, location: 2F 2-2: Strikes out looking
|
Top of the 1st over - 0 run(s), 0 hit(s), 0 error(s), 0 left on base; Arizona State 0 - Arkansas 0 |
BOTTOM OF THE 1ST |
Arkansas Razorbacks batting - Pitching for Arizona State Sun Devils : RHP Germán García
|
Pitching: RHP Germán García
|
|
Batting: LHB Fred Velázquez
|
0-0: SINGLE (Flyball, 8LM)
|
Batting: LHB Richard Hinkle
|
0-0: Called Strike 0-1: Foul Ball, location: 2F 0-2: Ball 1-2: SINGLE (Groundball, 34D) Fred Velázquez to second Runner from 2nd tries for 3rd, SAFE, throw made to third
|
Batting: RHB Rick Tidwell
|
0-0: Called Strike 0-1: Ball 1-1: Ball 2-1: Ball 3-1: Base on Balls Richard Hinkle to second
|
Batting: RHB Scott Rivera
|
0-0: Ball 1-0: Ball 2-0: Foul Ball, location: 2F 2-1: Foul Ball, location: 2F 2-2: Ball 3-2: Fly out, F9 (Flyball, 9LS)
|
Batting: LHB Nelson Cox
|
0-0: Ball 1-0: Foul Ball, location: 2F 1-1: Ball 2-1: Swinging Strike 2-2: Fly out, F7 (Flyball, 7LS)
|
Batting: RHB Henry Fox
|
0-0: Fly out, F8 (Flyball, 8LM)
|
Bottom of the 1st over - 0 run(s), 2 hit(s), 0 error(s), 3 left on base; Arizona State 0 - Arkansas 0 |
TOP OF THE 2ND |
Arizona State Sun Devils batting - Pitching for Arkansas Razorbacks : RHP Edwin Manning
|
Batting: RHB Tom Hicks
|
0-0: Ball 1-0: Ball 2-0: Ball 3-0: Called Strike 3-1: Foul Ball, location: 2F 3-2: SINGLE (Line Drive, 7S)
|
Batting: RHB Michael Fisher
|
0-0: Ball 1-0: Fly out, F4 (Popup, 34D)
|
Batting: RHB Jed Anderson
|
0-0: Called Strike 0-1: Foul Ball, location: 2F 0-2: Ball 1-2: Grounds out, U3 (Groundball, 3L)
|
Batting: RHB Kenny Holt
|
0-0: Ball 1-0: Called Strike 1-1: Swinging Strike 1-2: Strikes out swinging
|
Top of the 2nd over - 0 run(s), 1 hit(s), 0 error(s), 1 left on base; Arizona State 0 - Arkansas 0 |
BOTTOM OF THE 2ND |
Arkansas Razorbacks batting - Pitching for Arizona State Sun Devils : RHP Germán García
|
Batting: RHB Owen Landry
|
0-0: Called Strike 0-1: Foul Ball, location: 2F 0-2: Ball 1-2: Fly out, F7 (Flyball, 7M)
|
Batting: LHB Martín Ortega
|
0-0: Ball 1-0: Ball 2-0: Called Strike 2-1: Ball 3-1: Base on Balls
|
Batting: SHB Greg Butterfield
|
0-0: Grounds into double play, 6-4-3 (Groundball, 6)
|
Bottom of the 2nd over - 0 run(s), 0 hit(s), 0 error(s), 0 left on base; Arizona State 0 - Arkansas 0 |
TOP OF THE 3RD |
Arizona State Sun Devils batting - Pitching for Arkansas Razorbacks : RHP Edwin Manning
|
Batting: RHB Geoff Jackson
|
0-0: Swinging Strike 0-1: Ball 1-1: Foul Ball, location: 2F 1-2: Ball 2-2: Ball 3-2: Foul Ball, location: 2F 3-2: Strikes out swinging
|
Batting: RHB Dave King
|
0-0: Ball 1-0: Called Strike 1-1: Ball 2-1: Called Strike 2-2: Ball 3-2: Base on Balls
|
Batting: LHB Derrick Simpson
|
0-0: Ball 1-0: Called Strike 1-1: Ball 2-1: Ball 3-1: Fly out, F3 (Popup, 23)
|
Batting: RHB Lance Rodríguez
|
0-0: Ball 1-0: Swinging Strike 1-1: Ball 2-1: Foul Ball, location: 2F 2-2: Ball 3-2: Foul Ball, location: 2F 3-2: Base on Balls Dave King to second
|
Batting: RHB Larry Booth
|
0-0: Called Strike 0-1: SINGLE (Flyball, 8LM) Dave King to third Lance Rodríguez to second Runner from 3rd tries for Home, SAFE, no throw or cutoff
|
Batting: RHB Tom Hicks
|
0-0: Called Strike 0-1: Ball 1-1: Swinging Strike 1-2: Ground out 5-3 (Groundball, 56)
|
Top of the 3rd over - 1 run(s), 1 hit(s), 0 error(s), 2 left on base; Arizona State 1 - Arkansas 0 |
BOTTOM OF THE 3RD |
Arkansas Razorbacks batting - Pitching for Arizona State Sun Devils : RHP Germán García
|
Batting: LHB Fred Velázquez
|
0-0: Foul Ball, location: 2F 0-1: Called Strike 0-2: SINGLE (Groundball, 34)
|
Batting: LHB Richard Hinkle
|
0-0: Ball 1-0: Foul Ball, location: 2F 1-1: Ball 2-1: Swinging Strike 2-2: Strikes out swinging
|
Batting: RHB Rick Tidwell
|
0-0: Ball 1-0: Ball Wild Pitch! Fred Velázquez to second 2-0: Fly out, F6 (Popup, 6MS)
|
Batting: RHB Scott Rivera
|
0-0: Ball 1-0: Called Strike 1-1: Foul Ball, location: 2F 1-2: Fly out, F9 (Flyball, 89M)
|
Bottom of the 3rd over - 0 run(s), 1 hit(s), 0 error(s), 1 left on base; Arizona State 1 - Arkansas 0 |
TOP OF THE 4TH |
Arizona State Sun Devils batting - Pitching for Arkansas Razorbacks : RHP Edwin Manning
|
Batting: RHB Michael Fisher
|
0-0: Ball 1-0: Ball 2-0: Ground out 4-3 (Groundball, 4M)
|
Batting: RHB Jed Anderson
|
0-0: Called Strike 0-1: Ground out 6-3 (Groundball, 6M)
|
Batting: RHB Kenny Holt
|
0-0: Called Strike 0-1: SINGLE (Groundball, 34D)
|
Batting: RHB Geoff Jackson
|
0-0: Called Strike Kenny Holt steals 2nd base 0-1: Ball 1-1: Fly out, F8 (Line Drive, 8RM)
|
Top of the 4th over - 0 run(s), 1 hit(s), 0 error(s), 1 left on base; Arizona State 1 - Arkansas 0 |
BOTTOM OF THE 4TH |
Arkansas Razorbacks batting - Pitching for Arizona State Sun Devils : RHP Germán García
|
Batting: LHB Nelson Cox
|
0-0: Ball 1-0: Ground out 6-3 (Groundball, 6)
|
Batting: RHB Henry Fox
|
0-0: Ball 1-0: Ball 2-0: Ball 3-0: Called Strike 3-1: Called Strike 3-2: Foul Ball, location: 2F 3-2: Foul Ball, location: 2F 3-2: Base on Balls
|
Batting: RHB Owen Landry
|
0-0: Ball 1-0: Ball 2-0: Called Strike 2-1: Grounds out, U3 (Groundball, 3L)
|
Batting: LHB Martín Ortega
|
0-0: Ball 1-0: Ball 2-0: Foul Ball, location: 2F 2-1: Called Strike 2-2: Strikes out swinging
|
Bottom of the 4th over - 0 run(s), 0 hit(s), 0 error(s), 1 left on base; Arizona State 1 - Arkansas 0 |
TOP OF THE 5TH |
Arizona State Sun Devils batting - Pitching for Arkansas Razorbacks : RHP Edwin Manning
|
Batting: RHB Dave King
|
0-0: Ball 1-0: Ball 2-0: Called Strike 2-1: Fly out, F7 (Flyball, 7M)
|
Batting: LHB Derrick Simpson
|
0-0: DOUBLE (Line Drive, 7LS)
|
Batting: RHB Lance Rodríguez
|
0-0: Called Strike 0-1: Called Strike 0-2: Ball 1-2: Strikes out swinging
|
Pitching: RHP Dave Jones
|
|
Batting: RHB Larry Booth
|
0-0: Ball 1-0: Ball 2-0: Ball 3-0: Called Strike 3-1: Base on Balls
|
Batting: RHB Tom Hicks
|
0-0: Ball 1-0: Called Strike 1-1: Called Strike 1-2: Ball 2-2: Strikes out swinging
|
Top of the 5th over - 0 run(s), 1 hit(s), 0 error(s), 2 left on base; Arizona State 1 - Arkansas 0 |
BOTTOM OF THE 5TH |
Arkansas Razorbacks batting - Pitching for Arizona State Sun Devils : RHP Germán García
|
Batting: SHB Greg Butterfield
|
0-0: Fly out, F7 (Flyball, 78M)
|
Batting: LHB Fred Velázquez
|
0-0: Ball 1-0: Foul Ball, location: 2F 1-1: Bunted foul 1-2: Strikes out swinging
|
Batting: LHB Richard Hinkle
|
0-0: Called Strike 0-1: Ball 1-1: Fly out, F4 (Line Drive, 4)
|
Bottom of the 5th over - 0 run(s), 0 hit(s), 0 error(s), 0 left on base; Arizona State 1 - Arkansas 0 |
TOP OF THE 6TH |
Arizona State Sun Devils batting - Pitching for Arkansas Razorbacks : RHP Dave Jones
|
Batting: RHB Michael Fisher
|
0-0: Called Strike 0-1: Foul Ball, location: 2F 0-2: Strikes out swinging
|
Batting: RHB Jed Anderson
|
0-0: Ball 1-0: Ball 2-0: Ball 3-0: Base on Balls
|
Batting: RHB Kenny Holt
|
0-0: Called Strike 0-1: Foul Ball, location: 2F 0-2: Strikes out looking
|
Batting: RHB Geoff Jackson
|
0-0: Called Strike 0-1: Swinging Strike 0-2: Strikes out swinging
|
Top of the 6th over - 0 run(s), 0 hit(s), 0 error(s), 1 left on base; Arizona State 1 - Arkansas 0 |
BOTTOM OF THE 6TH |
Arkansas Razorbacks batting - Pitching for Arizona State Sun Devils : RHP Germán García
|
Batting: RHB Rick Tidwell
|
0-0: Foul Ball, location: 2F 0-1: Ground out 4-3 (Groundball, 4M)
|
Batting: RHB Scott Rivera
|
0-0: Swinging Strike 0-1: Ball 1-1: Ball 2-1: Ground out 5-3 (Groundball, 56)
|
Batting: LHB Nelson Cox
|
0-0: Ground out U3 (Groundball, 3L)
|
Bottom of the 6th over - 0 run(s), 0 hit(s), 0 error(s), 0 left on base; Arizona State 1 - Arkansas 0 |
TOP OF THE 7TH |
Arizona State Sun Devils batting - Pitching for Arkansas Razorbacks : RHP Dave Jones
|
Batting: RHB Dave King
|
0-0: Ball 1-0: Foul Ball, location: 2F 1-1: Ground out 4-3 (Groundball, 4)
|
Batting: LHB Derrick Simpson
|
0-0: Ball 1-0: Foul Ball, location: 2F 1-1: Called Strike 1-2: Strikes out swinging
|
Batting: RHB Lance Rodríguez
|
0-0: Ball 1-0: Foul Ball, location: 2F 1-1: Ball 2-1: Ground out 6-3 (Groundball, 6)
|
Top of the 7th over - 0 run(s), 0 hit(s), 0 error(s), 0 left on base; Arizona State 1 - Arkansas 0 |
BOTTOM OF THE 7TH |
Arkansas Razorbacks batting - Pitching for Arizona State Sun Devils : RHP Germán García
|
Pitching: RHP Héctor Mora
|
|
Batting: RHB Henry Fox
|
0-0: Ground out 4-3 (Groundball, 4)
|
Batting: RHB Owen Landry
|
0-0: Ball 1-0: Called Strike 1-1: Ball 2-1: Foul Ball, location: 2F 2-2: Strikes out swinging
|
Batting: LHB Martín Ortega
|
0-0: Called Strike 0-1: Foul Ball, location: 2F 0-2: Ball 1-2: Ball 2-2: Strikes out swinging
|
Bottom of the 7th over - 0 run(s), 0 hit(s), 0 error(s), 0 left on base; Arizona State 1 - Arkansas 0 |
TOP OF THE 8TH |
Arizona State Sun Devils batting - Pitching for Arkansas Razorbacks : RHP Dave Jones
|
Pitching: LHP Donald Law
|
|
Batting: RHB Larry Booth
|
0-0: Called Strike 0-1: Swinging Strike 0-2: Strikes out swinging
|
Batting: RHB Tom Hicks
|
0-0: SINGLE (Groundball, 56D)
|
Batting: RHB Michael Fisher
|
0-0: Ball 1-0: Called Strike 1-1: Called Strike 1-2: Foul Ball, location: 2F 1-2: Strikes out swinging
|
Batting: RHB Jed Anderson
|
0-0: SINGLE (Line Drive, 8RS) Tom Hicks to second
|
Batting: RHB Kenny Holt
|
0-0: Foul Ball, location: 2F 0-1: Ball 1-1: Called Strike 1-2: Foul Ball, location: 2F 1-2: Strikes out swinging
|
Top of the 8th over - 0 run(s), 2 hit(s), 0 error(s), 2 left on base; Arizona State 1 - Arkansas 0 |
TOP OF THE 9TH |
Arizona State Sun Devils batting - Pitching for Arkansas Razorbacks : LHP Donald Law
|
Pitching: RHP Mark Bidwell
|
|
Now at 1B: Santiago Rivera
|
|
Batting: RHB Geoff Jackson
|
0-0: Called Strike 0-1: Ball 1-1: Foul Ball, location: 2F 1-2: Foul Ball, location: 2F 1-2: Foul Ball, location: 2F 1-2: Ball 2-2: Foul Ball, location: 2F 2-2: SINGLE (Line Drive, 6MD)
|
Pinch Hitting: RHB Edison Olson
|
0-0: Sac Bunt - play at first, batter OUT! 1-4 Geoff Jackson to second
|
Batting: LHB Derrick Simpson
|
0-0: Ball 1-0: Ball 2-0: Foul Ball, location: 2F 2-1: Foul Ball, location: 2F 2-2: Ball 3-2: Base on Balls
|
Batting: RHB Lance Rodríguez
|
0-0: Fly out, F7 (Flyball, 78M)
|
Batting: RHB Larry Booth
|
0-0: Foul Ball, location: 2F 0-1: Ball 1-1: Foul Ball, location: 2F 1-2: Strikes out swinging
|
Top of the 9th over - 0 run(s), 1 hit(s), 0 error(s), 2 left on base; Arizona State 1 - Arkansas 2 |
|